 Dungeon Crawl Stone Soup version 0.25-a0-109-ge9c0e85935 (webtiles) character file.

Game seed: 16200467255295795742, levelgen mode: deterministic

46 vurker the Skirmisher (level 3, 0/30 HPs)
             Began as a Formicid Abyssal Knight on Nov 18, 2019.
             Was a Believer of Lugonu.
             Shot with an arrow by a centaur (1 damage)
             ... on level 2 of the Dungeon.
             The game lasted 00:02:23 (1813 turns).

vurker the Skirmisher (Formicid Abyssal Knight)     Turns: 1813, Time: 00:02:24

Health: 0/30       AC:  6    Str: 17    XL:     3   Next: 92%
Magic:  5/5        EV:  9    Int: 11    God:    Lugonu [**....]
Gold:   56         SH:  3    Dex: 10    Spells: 2/2 levels left

rFire    . . .     SeeInvis +   a - +1 hand axe
rCold    . . .     Gourm    .   f - +0 buckler
rNeg     . . .     Faith    .   o - +0 scale mail
rPois    .         Spirit   .   (helmet unavailable)
rElec    .         Reflect  .   (no cloak)
rCorr    .         Harm     .   (no gloves)
MR       .....                  (no boots)
Stlth    ..........             (no amulet)
HPRegen  0.10/turn              (no ring)
MPRegen  0.09/turn              (no ring)

@: no status effects
A: permanent stasis, dig shafts and tunnels, four strong arms, antennae 3
a: Dig, Shaft Self, Depart the Abyss, Bend Space, Renounce Religion


You were on level 2 of the Dungeon.
You worshipped Lugonu.
Lugonu was pleased with you.
You were not hungry.

You visited 1 branch of the dungeon, and saw 2 of its levels.
You visited the Abyss 1 time.

You collected 56 gold pieces.

Inventory:

Hand Weapons
 a - a +1 hand axe (weapon)
Armour
 f - a +0 buckler (worn)
   (You found it on level 1 of the Dungeon)
 o - a +0 scale mail (worn)
   (You found it on level 2 of the Dungeon)
Scrolls
 c - a scroll of identify {unknown}
 d - 3 scrolls of remove curse {unknown}
 g - 2 scrolls of random uselessness {unknown}
 i - a scroll of magic mapping {unknown}
 j - a scroll of noise {unknown}
 k - a scroll of blinking {unknown}
 l - a scroll of enchant weapon {unknown}
 m - a scroll of amnesia {unknown}
 n - a scroll of teleportation {unknown}
Comestibles
 e - 3 rations
 h - 3 chunks of flesh


   Skills:
 + Level 3.7 Fighting
 * Level 3.0 Axes
 - Level 2.1 Armour
 - Level 0.8 Dodging
 + Level 1.1 Shields
 + Level 2.8 Invocations


You had 2 spell levels left.
You didn't know any spells.
Your spell library was empty.

Dungeon Overview and Level Annotations

Branches:
Dungeon (2/15)

Altars:


Innate Abilities, Weirdness & Mutations

You cannot be hasted, slowed, berserked, paralysed or teleported.
You can dig through walls and to a lower floor.
Your four strong arms can wield two-handed weapons with a shield.
You have a pair of large antennae on your head. (SInv)


Message History

Your Axes skill increases to level 3!
You hit the frilled lizard.
You kill the frilled lizard!
Lugonu accepts your kill.
No target in view!
No target in view!
No target in view!
Things that are here:
a frilled lizard corpse x2
You butcher the frilled lizard corpse.
h - 2 chunks of flesh (gained 1)
Things that are here:
a frilled lizard skeleton; a frilled lizard corpse You see here a scale mail.
o - a scale mail You start removing your armour.
You continue taking off your +0 leather armour. x4
You finish taking off your +0 leather armour.
You start putting on your armour.
You continue putting on your scale mail. x5
You finish putting on your +0 scale mail.
Drop what? 15/52 slots (_ for help) (? for menu, Esc to quit)
You drop a +0 leather armour.
You butcher the frilled lizard corpse.
h - 3 chunks of flesh (gained 1)
Things that are here:
a frilled lizard skeleton x2
Things that are here:
a frilled lizard skeleton x2
Found a stone staircase leading down.
A centaur comes into view.
The centaur shouts!
The centaur wields a +2 shortbow of freezing.
It is covered in frost.
The centaur shoots an arrow.
The arrow barely misses you.
You see here an arrow.
A centaur is nearby!
The centaur shoots an arrow.
You block the arrow.
The centaur shoots an arrow.
You block the arrow.
The centaur shoots an arrow.
The arrow hits you! The arrow freezes you.
You see here 2 arrows.
The centaur shoots an arrow.
The arrow hits you.
* * * LOW HITPOINT WARNING * * *
The arrow freezes you.
* * * LOW HITPOINT WARNING * * *
You see here an arrow.
The centaur shoots an arrow.
The arrow hits you!
* * * LOW HITPOINT WARNING * * *
The arrow freezes you.
You die...

.. .. { { #.
### .. .c#
#(### #.#
...[# #.#
#.#.# #@#
....#######
#(#
............
#(#
.#..........
#.#
...#........
#(#
.รท..........
#.#
.#..........
#.#
.#..........
#.#
###.........
#.#


You could see a centaur.

Vanquished Creatures
  2 dart slugs (D:1)
  A leopard gecko (D:1)
  2 giant cockroaches (D:2)
  6 goblins
  3 hobgoblins
  4 jackals (D:1)
  A ball python (D:2)
  5 bats
  6 frilled lizards
  4 kobolds
  7 rats
41 creatures vanquished.

Notes
Turn   | Place    | Note
-------+----------+-------------------------------------------
     0 | Abyss:1  | vurker the Formicid Abyssal Knight began the quest for the
                  | Orb.
     0 | Abyss:1  | Reached XP level 1. HP: 18/18 MP: 2/2
     9 | Abyss:1  | Found a corrupted altar of Lugonu.
    19 | D:1      | Escaped the Abyss
   278 | D:1      | Reached XP level 2. HP: 22/24 MP: 3/3
   735 | D:1      | Reached XP level 3. HP: 29/29 MP: 4/4
  1315 | D:2      | Reached skill level 1 in Shields
  1340 | D:2      | Reached ** piety under Lugonu
  1809 | D:2      | Noticed a centaur
  1813 | D:2      | HP: 1/30 [centaur/arrow (10)]
  1813 | D:2      | Shot with an arrow by a centaur

Levels and vault maps discovered:
D:1:      dpeg_arrival_arbitrary_b, layout_basic, roderic_lattice_a,
          minivault_23
D:2:      layout_basic, minmay_fractal_squares_5

Skill      XL: |  1  2  3 |
---------------+----------+-----
Shields        | 1 |  1.1
Axes           | 3 |  3.0
Fighting       | |  3.7
Armour         | |  2.1
Dodging        | |  0.8
Invocations    | |  2.8

Action                   || total
-------------------------++-------
Melee: Hand axe          ||   127
  Eat: Chunk             ||     3
Armor: Leather armour    ||    35
Dodge: Dodged            ||    77
Block: Buckler           ||    27

Table legend:
 A = Non-vault XP
 B = Vault XP
 C = Vault XP percentage of total XP
 D = Non-vault monster count
 E = Vault monster count
 F = Vault count percentage of total count
                 A         B        C        D         E       F
            +---------+---------+-------+---------+---------+-------
      Total |      56 |      10 |  15.2 |      35 |       6 |  14.6
            +---------+---------+-------+---------+---------+-------
        D:1 |      41 |       0 |   0.0 |      24 |       0 |   0.0
        D:2 |      15 |      10 |  40.0 |      11 |       6 |  35.3
            +---------+---------+-------+---------+---------+-------
